 Dungeon Crawl Stone Soup version 0.16.1-28-gcc2312f (webtiles) character file.

256 Miyamura the Sneak (level 5, -3/26 HPs)
             Began as a Spriggan Enchanter on May 27, 2015.
             Killed from afar by an orc wizard (29 damage)
             ... with a wand of cold
             ... on level 4 of the Dungeon.
             The game lasted 00:08:50 (3412 turns).

Miyamura the Sneak (Spriggan Enchanter)             Turns: 3412, Time: 00:08:50

Health: -3/26      AC:  4    Str:  4    XL:     5   Next: 92%
Magic:  15/18      EV: 20    Int: 17    God:
Gold:   145        SH:  0    Dex: 17    Spells: 2 memorised, 7 levels left

rFire  . . .     SeeInvis +     m - +4 dagger
rCold  . . .     Clarity  .     b - +2 robe
rNeg   . . .     SustAb   .     (shield restricted)
rPois  .         Gourm    .     (helmet restricted)
rElec  .         Spirit   .     (no cloak)
rCorr  .         Warding  .     (gloves unavailable)
rMut   .         Stasis   .     (boots unavailable)
MR     .....                    (no amulet)
Stlth  ++++......               (no ring)
                                (no ring)

@: very quick, not resistant to hostile enchantments, stealthy
A: unfitting armour, see invisible, herbivore 3, speed 3, slow metabolism 2
a: no special abilities


You were on level 4 of the Dungeon.
You were not hungry.

You visited 1 branch of the dungeon, and saw 4 of its levels.

You collected 145 gold pieces.

Inventory:

Hand weapons
 m - a +4 dagger (weapon)
Armour
 b - a +2 robe (worn)
Magical devices
 j - a wand of slowing (20)
Scrolls
 a - a scroll of remove curse
 e - a scroll of amnesia
 g - 2 scrolls of teleportation
Potions
 f - a potion of berserk rage {unknown}
 h - a potion of curing
 i - 2 potions of restore abilities
 l - 2 potions of heal wounds {unknown}
Books
 c - a book of Maledictions

   Spells                             Type                      Level
   a - Corona                         Hexes                        1
   b - Sure Blade                     Hexes/Charms                 2
   c - Ensorcelled Hibernation        Hexes/Ice                    2
   d - Confuse                        Hexes                        3
   e - Dazzling Spray                 Conjuration/Hexes            3
   f - Enslavement                    Hexes                        4
 n - a book of Power

   Spells                             Type                      Level
   a - Fulminant Prism                Conjuration/Hexes            4
   b - Iskenderun's Mystic Blast      Conjuration                  4
   c - Venom Bolt                     Conjuration/Poison           5
   d - Bolt of Magma                  Conjuration/Fire/Earth       5
   e - Iron Shot                      Conjuration/Earth            6
   f - Orb of Destruction             Conjuration                  7
   g - Spellforged Servitor           Conjuration/Summoning        7
Comestibles
 d - 3 bread rations


   Skills:
 + Level 1.8 Fighting
 + Level 2.6 Short Blades
 + Level 4.4 Dodging
 + Level 5.9 Stealth
 + Level 4.0 Spellcasting
 + Level 4.4 Hexes


You had 7 spell levels left.
You knew the following spells:

 Your Spells              Type           Power        Failure   Level  Hunger
b - Ensorcelled Hibernat  Hex/Ice        ##....       12%         2    ##.....
c - Confuse               Hex            ###.....     10%         3    ###....


Dungeon Overview and Level Annotations

Branches:
Dungeon (4/15)
 Temple: D:4-7

Altars:
Cheibriados


Innate Abilities, Weirdness & Mutations

You are tiny and cannot use many weapons and most armour.
You have supernaturally acute eyesight.
You are a herbivore.
You cover ground extremely quickly.
You need consume almost no food.


Message History

The orc wizard is almost dead.
The orc wizard misses you.
You hit the orc wizard.
You kill the orc wizard!
Your Spellcasting skill increases to level 4!
No target in view!
Items here: ) [ †† a dagger; a robe; an orc corpse; an orc corpse You start resting.
Your magical contamination has completely faded away.
You start resting.
You start resting.
HP restored.
Found a stone staircase leading up.
You see here 4 gold pieces.
You now have 145 gold pieces (gained 4).
The orc wizard shouts!
The orc wizard zaps a wand.
The bolt of cold hits you!
Ouch! That really hurt!
You die...

._. # ... # ..# ..
# #.###. # #o... #
#... # #..# #
#<.####### #
#@........ #
#.######## ######
#.# †>...# #.#
####.# #######.# #
#.# ##.......#
####.####.###.####
#........# #...
##.....##.###.##..


You could see an orc wizard.

Vanquished Creatures
  A scorpion (D:4)
  The ghost of Miyamura the Sneak, a weakling SpEn (D:3)
  2 orc wizards
  A hound zombie (D:3)
  4 adders (D:2)
  2 giant geckos (D:3)
  3 oozes
  11 orcs
  3 giant cockroaches
  4 goblins
  6 hobgoblins
  5 jackals (D:3)
  2 quokkas
  7 bats
  4 giant newts
  4 kobolds
  5 rats
65 creatures vanquished.

Vanquished Creatures (others)
  14 toadstools (D:4)
14 creatures vanquished.

Grand Total: 79 creatures vanquished

Notes
Turn   | Place    | Note
--------------------------------------------------------------
     0 | D:1      | Miyamura, the Spriggan Enchanter, began the quest for the Orb.
     0 | D:1      | Reached XP level 1. HP: 9/9 MP: 4/4
   140 | D:1      | Reached XP level 2. HP: 13/13 MP: 7/7
   200 | D:1      | Learned a level 2 spell: Ensorcelled Hibernation
   907 | D:2      | Reached XP level 3. HP: 14/17 MP: 10/10
   912 | D:2      | Learned a level 3 spell: Confuse
   979 | D:2      | Reached skill level 5 in Stealth
  1861 | D:3      | Noticed Miyamura's ghost (weakling SpEn)
  1869 | D:2      | Reached skill level 1 in Fighting
  1869 | D:2      | Reached XP level 4. HP: 19/22 MP: 10/13
  1919 | D:3      | Killed Miyamura's ghost
  2468 | D:3      | Reached XP level 5. HP: 25/25 MP: 13/16
  3412 | D:4      | Found a snail-covered altar of Cheibriados.
  3412 | D:4      | Killed from afar by an orc wizard

Action                   |  1- 3 |  4- 6 || total
-------------------------+-------+-------++-------
Melee: Dagger            |   126 |    77 ||   203
 Cast: Ensorcelled Hiber |     3 |    24 ||    27
       Corona            |     2 |       ||     2
       Confuse           |     1 |     8 ||     9
  Use: Scroll            |     7 |     4 ||    11
 Stab: Sleeping          |    11 |    14 ||    25
       Confused          |       |     4 ||     4
  Eat: Bread ration      |       |     1 ||     1
